Map: Jagannatha LE

Players

Anarchy - Winner!

  • Race: Terran Terran
  • League: Gold
  • Spawn Location: 1:00

Hattori

  • Race: Terran Terran
  • League: Gold
  • Spawn Location: 7:00

VOD

Have the link to the VOD?

Description

Time

  • Played on: Oct. 25, 2020, 1:12 p.m.
  • Length: 40:02
Show
View Real Time Build Order
Export as new Build Order

Anarchy Terran - Winner!

Build Orders: 2 Factory 

Get SALT Encoding   

  12  0:01  SCV  
  13  0:13  SCV  
  14  0:20  Supply Depot  
  14  0:25  SCV  
  15  0:32  Refinery  
  15  0:42  SCV  
  16  0:46  Barracks  
  16  0:54  SCV  
  17  1:06  SCV  
  19  1:18  SCV  
  19  1:33  Orbital Command  
  19  1:40  Barracks Tech Lab  
  19  1:58  Supply Depot  
  19  2:02  SCV  
  19  2:03  Refinery  
  20  2:15  SCV  
  21  2:24  Factory  
  21  2:25  Barracks Reactor  
  21  2:27  SCV  
  22  2:33  Command Center  
  22  2:41  SCV  
  23  2:53  Supply Depot, SCV  
  24  3:05  SCV  
  25  3:14  Factory  
  25  3:15  Siege Tank  
  25  3:17  SCV  
  29  3:24  Marine  
  30  3:29  SCV  
  29  3:41  SCV  
  29  4:04  Hellion x2  
  29  4:06  Siege Tank  
  36  4:11  SCV  
  37  4:19  Supply Depot  
  37  4:22  Orbital Command  
  37  4:23  SCV  
  38  4:35  SCV  
  39  4:40  Siege Tank  
  39  4:41  Hellion  
  39  4:42  Hellion  
  46  4:47  SCV, Engineering Bay  
  47  4:54  Supply Depot  
  47  4:59  SCV  
  49  5:00  SCV  
  49  5:11  SCV  
  49  5:12  Siege Tank  
  53  5:21  SCV  
  54  5:23  SCV  
  54  5:27  Refinery  
  55  5:29  Refinery  
  55  5:31  Missile Turret  
  55  5:33  SCV  
  56  5:37  Missile Turret  
  56  5:38  SCV  
  57  5:45  SCV  
  57  5:47  Armory  
  58  5:50  SCV  
  58  5:52  Hellion x2  
  58  5:53  Siege Tank  
  66  5:59  Supply Depot  
  66  6:11  SCV x2  
  68  6:23  SCV x2  
  70  6:27  Supply Depot  
  70  6:33  Command Center  
  70  6:37  SCV  
  70  6:38  SCV  
  76  6:40  Hellion x2  
  76  6:50  SCV  
  76  6:51  SCV  
  81  7:07  Supply Depot x2  
  81  7:10  SCV x2  
  81  7:11  Supply Depot  
  83  7:16  Hellion  
  83  7:17  Hellion  
  83  7:22  SCV x2  
  86  7:29  Thor  
  65  7:55  SCV  
  65  7:56  SCV  
  67  8:12  SCV, Missile Turret  
  68  8:13  SCV  
  68  8:14  Missile Turret x2  
  69  8:20  Thor  
  69  8:22  Hellbat x2  
  69  8:25  SCV x2  
  81  8:32  Orbital Command  
  81  8:37  SCV x2  
  83  8:49  SCV x2  
  83  8:51  Hellbat  
  83  8:52  Hellbat  
  89  9:01  SCV x2  
  91  9:03  Thor  
  91  9:08  Refinery  
  97  9:10  Refinery  
  97  9:13  Hellbat x2, SCV x2  
  103  9:18  Armory  
  103  9:19  Hi-Sec Auto Tracking  
  103  9:34  Hellbat, Command Center, Hellion  
  107  9:44  Supply Depot x2  
  107  9:45  Thor  
  107  9:47  Supply Depot, Factory  
  107  9:49  SCV, Factory  
  107  9:50  SCV x2  
  116  10:02  Hellbat x2, SCV x3  
  123  10:13  Supply Depot  
  123  10:15  SCV x2  
  123  10:16  Supply Depot, SCV  
  123  10:21  Supply Depot  
  126  10:23  Hellbat  
  126  10:24  Hellbat  
  130  10:28  Thor  
  130  10:32  Factory Tech Lab x2  
  136  10:36  SCV x2  
  136  10:37  SCV  
  139  10:43  Neosteel Armor  
  139  10:45  Hellbat x2  
  139  10:48  SCV  
  139  10:49  SCV  
  134  11:04  Missile Turret  
  134  11:07  Missile Turret  
  134  11:11  Thor  
  139  11:36  Armory  
  139  11:38  Armory  
  138  11:51  Command Center  
  138  11:55  Missile Turret  
  138  11:56  Missile Turret  
  138  12:09  Missile Turret, Refinery  
  138  12:10  Missile Turret  
  138  12:25  Thor x3  
  138  12:27  Hellbat x2  
  160  12:38  SCV x2  
  162  12:47  Missile Turret  
  162  12:50  SCV x2, Missile Turret x3  
  164  12:58  Sensor Tower  
  164  13:01  Terran Vehicle Weapons Level 1, Terran Vehicle And Ship Armor Level 1  
  164  13:02  SCV x2  
  166  13:10  Planetary Fortress  
  167  13:14  SCV  
  167  13:17  Orbital Command  
  167  13:18  SCV  
  168  13:20  Thor x2  
  180  13:30  Supply Depot  
  180  13:32  Supply Depot  
  180  13:33  Supply Depot  
  180  13:51  Hellbat x2, SCV x4  
  180  13:54  Thor  
  194  13:58  Supply Depot  
  194  14:01  Supply Depot  
  194  14:04  Supply Depot  
  194  14:07  Supply Depot  
  194  14:15  Missile Turret x2  
  194  14:16  Missile Turret, Refinery x2  
  194  14:18  Missile Turret  
  194  14:19  Missile Turret  
  194  14:25  SCV x4  
  200  14:31  Hellbat  
  194  15:33  Missile Turret, Refinery  
  194  15:34  Missile Turret  
  194  15:46  Sensor Tower  
  194  15:52  Supply Depot  
  194  15:54  Thor  
  200  16:09  Barracks  
  200  16:10  Barracks  
  200  16:24  Starport  
  200  16:26  Starport  
  200  16:27  Starport  
  200  16:29  Starport  
  200  16:32  Starport  
  200  16:35  Missile Turret  
  200  16:44  Missile Turret  
  200  16:51  Terran Vehicle Weapons Level 2, Terran Vehicle And Ship Armor Level 2  
  200  17:03  Missile Turret  
  200  17:05  Missile Turret  
  200  17:24  Sensor Tower  
  200  17:25  Command Center  
  200  17:26  Missile Turret, Refinery  
  200  17:30  Refinery  
  190  18:08  Missile Turret  
  190  18:09  Missile Turret  
  190  18:10  Refinery  
  190  18:12  Missile Turret  
  190  18:16  Missile Turret  
  190  18:17  Missile Turret  
  190  18:27  Missile Turret  
  190  18:28  Missile Turret  
  190  18:33  Missile Turret  
  190  18:34  Thor  
  190  18:40  Starport Tech Lab x2  
  190  18:41  Starport Tech Lab x2  
  196  18:51  Missile Turret  
  196  18:54  Starport Tech Lab  
  196  19:01  Fusion Core  
  186  19:45  Thor x2  
  193  20:21  Missile Turret  
  193  20:24  Missile Turret x2  
  193  20:25  Missile Turret x2  
  95  21:22  Smart Servos  
  95  22:05  Starport Tech Lab  
  95  22:08  Thor  
  95  22:09  Thor x2  
  95  22:10  Hellbat  
  95  22:11  Hellbat  
  117  22:45  Command Center, Missile Turret, Sensor Tower  
  117  22:46  Missile Turret, Refinery x2  
  117  22:47  Missile Turret  
  117  23:04  Thor x3  
  139  23:05  Hellbat x2  
  139  23:09  Raven x2  
  143  23:19  Command Center, Refinery  
  143  23:21  Missile Turret  
  143  23:22  Refinery  
  138  23:37  Terran Vehicle Weapons Level 3  
  138  23:45  Starport  
  133  23:48  Starport x2  
  133  23:49  Starport  
  133  23:50  Thor  
  133  23:51  Thor x2  
  133  23:52  Hellbat x2  
  155  23:56  Raven x2  
  155  24:32  Missile Turret  
  155  24:41  Sensor Tower  
  155  24:47  Missile Turret x2  
  155  24:48  Missile Turret  
  155  25:14  Thor x3  
  155  25:15  Hellbat  
  155  25:16  Hellbat  
  155  25:18  Viking  
  155  25:19  Viking  
  177  26:00  Sensor Tower  
  177  26:01  Viking x4, Missile Turret  
  177  26:02  Missile Turret, Viking  
  177  26:03  Missile Turret x2  
  187  26:04  Missile Turret x2  
  187  26:06  Command Center, Refinery  
  187  26:07  Refinery  
  187  26:31  Viking x4  
  187  26:32  Viking  
  197  26:50  Factory  
  197  27:09  Armory  
  195  27:42  Planetary Fortress  
  195  27:50  Refinery  
  195  28:11  SCV x2  
  195  28:12  SCV  
  197  28:37  SCV  
  197  28:38  SCV x3  
  186  28:50  SCV x4  
  180  29:27  SCV x3  
  180  29:28  SCV  
  184  29:39  SCV x2  
  184  29:40  SCV x2  
  188  29:51  SCV  
  189  30:10  Missile Turret  
  189  30:12  Missile Turret  
  189  30:36  Supply Depot  
  189  30:42  Refinery  
  189  30:44  Refinery  
  189  30:45  SCV x4  
  192  30:57  SCV x3  
  192  30:59  Supply Depot  
  192  31:03  SCV  
  195  31:09  SCV x3  
  192  31:49  Command Center  
  189  32:17  Command Center  
  189  32:19  Missile Turret, Refinery  
  189  32:20  Missile Turret, Refinery  
  189  32:40  Missile Turret  
  189  32:43  Missile Turret  
  189  33:12  SCV x4  
  193  33:24  SCV x4  
  197  33:30  Command Center  
  197  33:42  Missile Turret  
  197  33:43  Missile Turret x3  
  197  33:44  Missile Turret  
  197  33:45  Missile Turret  
  197  33:46  Missile Turret x2  
  196  34:05  Missile Turret  
  196  34:06  Missile Turret  
  196  34:07  Missile Turret x2  
  196  34:08  Missile Turret  
  178  34:20  SCV x2  
  178  34:21  SCV x2  
  182  34:32  SCV  
  182  34:33  SCV x2  
  182  34:34  Command Center  
  182  34:35  Refinery  
  182  34:36  Refinery  
  176  35:17  Thor x2  
  176  35:18  Factory Tech Lab x2  
  176  35:20  Hellbat x2  
  152  35:59  Thor x2  
  144  36:39  Thor x2  
  72  37:58  SCV  
  72  37:59  SCV x3  
  76  38:10  SCV  
  76  38:44  Barracks  
Show
View Real Time Build Order
Export as new Build Order

Hattori Terran 

Build Orders:  

Get SALT Encoding   

  12  0:00  SCV  
  13  0:15  Supply Depot  
  13  0:18  SCV  
  14  0:30  SCV  
  15  0:39  Barracks  
  15  0:42  SCV  
  16  0:46  Refinery  
  16  0:54  SCV  
  17  1:01  Supply Depot  
  17  1:06  SCV  
  18  1:17  Barracks  
  18  1:18  SCV  
  19  1:26  Supply Depot  
  19  1:33  Refinery  
  19  1:34  Marine  
  20  1:45  Orbital Command  
  20  1:54  Marine  
  21  2:06  Reaper  
  22  2:17  SCV  
  22  2:21  Barracks Tech Lab  
  23  2:29  SCV  
  24  2:37  Factory  
  24  2:39  Marine  
  25  2:47  SCV  
  26  2:56  Marine, Engineering Bay  
  27  2:59  SCV  
  28  3:12  SCV  
  29  3:24  SCV  
  30  3:41  Reaper  
  30  3:42  Reaper  
  30  3:44  Terran Infantry Weapons Level 1  
  31  3:54  Starport  
  31  3:55  SCV  
  31  3:56  Supply Depot  
  32  4:07  Factory Tech Lab, SCV  
  33  4:17  Missile Turret  
  33  4:19  Supply Depot  
  33  4:21  Barracks Reactor  
  33  4:28  Siege Tank  
  33  4:30  Medivac  
  38  4:32  Marine  
  37  4:49  Starport, Marine  
  38  5:04  Marine x2  
  38  5:06  Command Center  
  40  5:07  Marine  
  41  5:15  Widow Mine  
  41  5:17  Medivac  
  45  5:30  Bunker  
  45  5:32  Starport Tech Lab  
  45  5:33  Marine x2  
  47  5:36  Widow Mine  
  47  5:37  Supply Depot  
  47  5:38  Refinery  
  49  5:44  SCV  
  50  5:51  Starport Tech Lab  
  50  5:56  SCV  
  51  5:57  Widow Mine  
  51  6:01  Supply Depot  
  51  6:02  Marine x2  
  55  6:08  Missile Turret, SCV  
  56  6:20  SCV  
  56  6:22  Planetary Fortress  
  57  6:28  Missile Turret, Refinery  
  58  6:32  SCV  
  58  6:36  Combat Shield  
  58  6:44  SCV  
  58  6:47  Missile Turret, Banshee x2  
  65  6:56  Supply Depot  
  65  6:57  SCV  
  66  7:04  Marine x2  
  68  7:15  Missile Turret  
  50  7:51  Cloaking Field  
  50  7:54  Banshee x2  
  50  7:56  Hyperflight Rotors  
  56  8:04  SCV  
  56  8:16  SCV  
  56  8:17  Supply Depot  
  57  8:28  SCV  
  58  8:37  Banshee x2  
  58  8:40  Command Center, Armory, SCV  
  58  8:41  Siege Tank  
  68  8:52  SCV  
  68  8:53  Marine x3  
  72  9:04  SCV  
  72  9:05  Neosteel Armor  
  73  9:15  Missile Turret  
  73  9:19  Banshee  
  73  9:20  Banshee  
  79  9:32  Terran Ship Weapons Level 1  
  79  9:35  Missile Turret  
  79  9:43  SCV  
  80  9:47  Refinery  
  80  9:53  Supply Depot  
  80  9:55  SCV  
  81  10:02  Banshee x2  
  81  10:04  Siege Tank  
  81  10:06  Marine x3  
  93  10:08  SCV  
  94  10:16  Supply Depot  
  94  10:19  Planetary Fortress  
  94  10:24  Marine x2  
  94  10:25  Bunker  
  94  10:26  Refinery  
  96  10:39  Supply Depot  
  96  10:45  Viking x2  
  94  11:26  Terran Vehicle And Ship Armor Level 1  
  79  11:44  Banshee x2  
  85  12:04  Missile Turret  
  85  12:06  Widow Mine  
  87  12:21  Supply Depot, Starport  
  87  12:24  Hi-Sec Auto Tracking  
  87  12:27  Banshee x2  
  87  12:28  Widow Mine  
  95  12:30  SCV  
  96  12:40  Missile Turret  
  96  12:42  SCV  
  97  12:44  Supply Depot  
  97  12:49  Siege Tank  
  100  12:54  SCV  
  101  13:04  Starport Tech Lab  
  101  13:06  SCV  
  101  13:10  Banshee x2  
  108  13:18  SCV  
  109  13:20  Terran Ship Weapons Level 2  
  109  13:21  Siege Tank  
  112  13:38  Missile Turret  
  112  13:42  Sensor Tower  
  112  13:45  Banshee  
  115  13:52  Banshee  
  115  13:53  Siege Tank, Banshee  
  124  14:16  SCV  
  125  14:28  SCV  
  126  14:40  SCV  
  127  14:52  SCV  
  125  15:04  SCV  
  108  15:19  Banshee x3  
  111  15:32  Marine x2  
  111  15:33  Marine  
  114  15:35  Terran Vehicle And Ship Armor Level 2  
  114  15:53  Command Center  
  114  16:02  Banshee x3  
  123  16:28  Supply Depot  
  123  16:35  Refinery  
  123  16:36  Refinery  
  123  16:44  Banshee x2  
  123  16:45  Command Center, Banshee  
  132  16:50  Supply Depot  
  132  17:12  Supply Depot  
  126  17:52  Terran Vehicle Weapons Level 1  
  126  18:05  Banshee x3  
  135  18:18  Planetary Fortress  
  135  18:22  Missile Turret  
  135  18:23  Planetary Fortress  
  135  18:31  Missile Turret  
  135  18:34  Starport  
  135  18:35  Siege Tank  
  135  18:41  Missile Turret  
  138  18:48  Banshee  
  141  18:50  Missile Turret  
  141  19:10  Missile Turret  
  138  19:46  Terran Ship Weapons Level 3  
  129  20:23  Banshee x3  
  92  21:06  Banshee x2  
  98  21:13  Banshee  
  98  21:16  Starport Tech Lab  
  92  21:33  Missile Turret  
  92  21:35  Siege Tank  
  95  21:48  Banshee  
  95  21:49  Banshee  
  95  21:51  Missile Turret  
  101  21:55  Refinery  
  101  21:56  Banshee  
  101  21:57  Banshee  
  101  22:00  Refinery  
  107  22:07  Siege Tank  
  110  22:09  Bunker  
  110  22:23  Terran Vehicle And Ship Armor Level 3  
  110  22:28  Terran Infantry Armor Level 1  
  110  22:29  Marine x3  
  112  22:31  Banshee x2  
  119  22:39  Siege Tank, Banshee  
  119  22:40  Banshee  
  128  23:06  Missile Turret  
  128  23:11  Siege Tank  
  131  23:14  Banshee x2  
  134  23:21  Banshee  
  134  23:26  Missile Turret  
  134  23:45  Missile Turret  
  134  23:55  Banshee  
  137  23:57  Banshee x2  
  143  24:04  Banshee  
  128  24:38  Banshee  
  131  24:59  Terran Vehicle Weapons Level 2  
  115  25:38  Banshee x4  
  121  26:20  Banshee  
  121  26:21  Banshee x3  
  118  26:31  Siege Tank  
  112  27:03  Siege Tank, Banshee x2  
  112  27:04  Banshee x2  
  118  27:46  Banshee x3  
  118  27:47  Banshee  
  130  28:07  Terran Vehicle Weapons Level 3  
  127  28:29  Banshee x4  
  118  28:58  Marine x3  
  118  29:01  Terran Infantry Armor Level 2  
  121  29:12  Banshee x4  
  121  29:16  Marine x3  
  128  29:19  Widow Mine  
  106  29:33  Marine  
  106  29:34  Marine x2  
  109  29:41  Widow Mine  
  111  29:50  Factory  
  111  29:51  Marine x2  
  111  29:52  Marine  
  114  29:55  Banshee x4  
  126  30:02  Widow Mine  
  128  30:09  Marine x3  
  128  30:37  Siege Tank, Banshee x2  
  128  30:38  Banshee  
  137  31:09  Siege Tank  
  113  31:42  Siege Tank  
  116  31:47  Banshee x3  
  116  31:48  Banshee  
  128  32:12  Command Center  
  128  32:30  Banshee x3  
  119  33:04  Marine x3  
  118  33:22  Marine x3  
  121  33:40  Banshee x4, Marine x3  
  136  33:49  Terran Infantry Weapons Level 2  
  136  33:57  Marine  
  136  33:58  Marine  
  129  34:23  Banshee x4  
  120  34:38  Widow Mine  
  116  34:59  Widow Mine  
  118  35:05  Banshee  
  118  35:21  Widow Mine  
  104  35:42  Siege Tank  
  86  36:14  Siege Tank, Banshee x3  
  87  36:51  Banshee  
  81  36:56  Banshee  
  81  36:57  SCV  
  82  37:09  SCV  
  77  37:21  SCV  
  73  37:56  Command Center  
Tags
 
League
GoldGold
Matchup
TvT
Opening
2 Factory
Race
Terran
Spawn Locations
Cross Positions
Add a new tag
Caveats
  • Supply blocks, unpowered buildings, or Contaminate may cause inaccurate times.
  • Supply counts are checked every 10 seconds.